 Dungeon Crawl Stone Soup version 0.20.1-1-g8b1a95d (webtiles) character file.

50 Folque the Magician (level 3, -2/37 HPs)
             Began as an Octopode Wizard on Nov 19, 2017.
             Slain by an adder (3 damage)
             ... on level 3 of the Dungeon.
             The game lasted 00:06:00 (1564 turns).

Folque the Magician (Octopode Wizard)               Turns: 1564, Time: 00:06:01

Health: -2/37      AC: 21    Str: 11    XL:     3   Next: 79%
Magic:  2/7        EV:  2    Int: 21    God:
Gold:   119        SH:  0    Dex: 10    Spells: 3/8 levels left

rFire    . . .     SeeInvis +   o - +0 hand axe
rCold    . . .     Gourm    .   (no shield)
rNeg     + + +     Faith    .   (helmet currently unavailable)
rPois    +         Spirit   .   (no amulet)
rElec    .         Reflect  .   n - ring of see invisible
rCorr    .         Harm     .   (no ring)
MR       .....     NoTele   +   (no ring)
Stlth    ++........             (no ring)
Regen    0.2/turn               (no ring)
MPRegen  0.1/turn               (no ring)
                                (no ring)
                                (no ring)

@: mighty, lethally poisoned (-2 -> -3), tree-form, very slightly contaminated
A: almost no armour, stealthy swim, (amphibious), 8 rings, (constrict 8)
a: no special abilities


You were on level 3 of the Dungeon.
You were not hungry.
You were a tree.
You visited 1 branch of the dungeon, and saw 3 of its levels.

You collected 119 gold pieces.

Inventory:

Hand Weapons
 h - a +0 club
 o - a +0 hand axe (weapon)
Armour
 a - a +0 hat (melded)
Jewellery
 n - a ring of see invisible (left branch)
Wands
 r - a wand of confusion (27/48)
Scrolls
 d - a scroll of identify {unknown}
 e - a scroll of remove curse
 f - a scroll of amnesia {unknown}
 i - 2 scrolls of magic mapping {unknown}
 q - a scroll of recharging {unknown}
Potions
 m - a potion of degeneration {unknown}
Books
 b - a book of Minor Magic

   Spells                             Type                      Level
   a - Magic Dart                     Conjuration                  1
   b - Blink                          Translocation                2
   c - Call Imp                       Summoning                    2
   d - Slow                           Hexes                        2
   e - Conjure Flame                  Conjuration/Fire             3
   f - Mephitic Cloud                 Conjuration/Poison/Air       3
Comestibles
 c - 2 bread rations
 g - 2 royal jellies


   Skills:
 * Level 2.7 Fighting
 - Level 2.0 Dodging
 - Level 2.6 Stealth
 + Level 3.3 Spellcasting
 - Level 1.0 Conjurations
 - Level 1.0 Summonings
 - Level 1.0 Translocations


You had 3 spell levels left.
You knew the following spells:

 Your Spells              Type           Power        Failure   Level  Hunger
a - Magic Dart            Conj           #...         9%          1    None
b - Call Imp              Summ           #.......     13%         2    ##.....
c - Blink                 Tloc           N/A          13%         2    ##.....


Dungeon Overview and Level Annotations

Branches:
Dungeon (3/15)

Altars:
Dithmenos


Innate Abilities, Weirdness & Mutations

You cannot wear most types of armour.
You are very stealthy in the water. (Stealth+)
((You are amphibious.))
You can wear up to eight rings at the same time.
((You can use your tentacles to constrict eight enemies at once.))
((Your skin changes colour to match your surroundings (Stealth+).))
((Your rubbery body absorbs attacks. (AC +1, EV +1)))


Message History

Your shadow imp dies!
You closely miss the adder. You grab the adder.
The adder is moderately wounded.
You constrict the adder. The adder bites you.
You barely miss the adder.
The adder is heavily wounded.
You constrict the adder.
You feel sick. The adder bites you.
* * * LOW HITPOINT WARNING * * *
The adder bites you.
* * * LOW HITPOINT WARNING * * *
All of the chunks of flesh in your inventory have rotted away.
It was a potion of might.
You feel very mighty all of a sudden.
You constrict the adder. The adder bites you.
* * * LOW HITPOINT WARNING * * *
It was a potion of lignification.
You turn into a tree.
Your +0 hat melds into your body.
Your roots penetrate the ground.
You lose your grip on the adder.
The adder bites you but does no damage. The adder bites you.
You die...

#########.###
#...........#
#...........#
#...........# #
#...........# .#
#...........#..#..
#.................
#......###'###..#
#...()##.♣...##
#.....#.S#.#..#
###...+.#(#)#.+
#.#.#..#.#..#
#.#.##.S...##
(.#..###+###.
...##.........
.... ##..##.##
.......#..##<#


You could see an adder.

Vanquished Creatures
  3 dart slugs (D:2)
  A leopard gecko (D:1)
  4 goblins
  6 hobgoblins
  7 kobolds
  A quokka (D:1)
  6 bats
  A frilled lizard (D:2)
  2 rats (D:1)
31 creatures vanquished.

Vanquished Creatures (collateral kills)
  An adder (D:2)
  A worm (D:2)
  A ball python (D:2)
  A frilled lizard (D:2)
  A kobold (D:2)
5 creatures vanquished.

Grand Total: 36 creatures vanquished

Notes
Turn   | Place    | Note
-------+----------+-------------------------------------------
     0 | D:1      | Folque the Octopode Wizard began the quest for the Orb.
     0 | D:1      | Reached XP level 1. HP: 11/11 MP: 4/4
   128 | D:1      | Reached skill level 1 in Fighting
   220 | D:1      | Reached XP level 2. HP: 11/18 MP: 6/6
   715 | D:2      | Learned a level 2 spell: Call Imp
   718 | D:2      | Learned a level 2 spell: Blink
   765 | D:2      | Found a shadowy altar of Dithmenos.
   809 | D:2      | Reached XP level 3. HP: 18/24 MP: 5/7
  1563 | D:3      | HP: 1/25 [adder (1)]
  1564 | D:3      | Slain by an adder

Skill      XL: |  1  2 |
---------------+-------+-----
Fighting       | 1 2 |  2.7
Dodging        | |  2.0
Stealth        | |  2.6
Spellcasting   | |  3.3
Conjurations   | |  1.0
Summonings     | |  1.0
Translocations | |  1.0

Action                   || total
-------------------------++-------
Melee: Unarmed           ||    26
       Constrict         ||    23
       Tentacles         ||    12
       Club              ||    26
       Hand axe          ||    32
 Cast: Magic Dart        ||     9
       Call Imp          ||     7
       Blink             ||     2
  Use: Scroll            ||     2
       Potion            ||     2
 Stab: Sleeping          ||     8
  Eat: Chunk             ||     2
Armor: Skin              ||     8
Dodge: Dodged            ||    72
